 Dungeon Crawl Stone Soup version 0.19-a0-1850-g63fd1ff (webtiles) character file.

243729 rvmWR the Warrior (level 18, -6/123 HPs)
             Began as a Minotaur Gladiator on Oct 9, 2016.
             Was a Follower of Uskayaw.
             Killed from afar by a hellion (18 damage)
             ... with damnation
             ... on level 3 of the Abyss on Oct 10, 2016.
             The game lasted 02:05:16 (35927 turns).

rvmWR the Warrior (Minotaur Gladiator)             Turns: 35927, Time: 02:05:16

Health: -6/123     AC: 33    Str: 20    XL:     18   Next: 71%
Magic:  19/19      EV: 21    Int:  1    God:    Uskayaw [*.....]
Gold:   200        SH:  6    Dex: 17    Spells: 0 memorised, 17 levels left

rFire  + . .     SeeInvis .     a - +7 lajatang "Quosa" {freeze, rF+}
rCold  . . .     Gourm    .     g - +4 storm dragon scales
rNeg   . . .     Faith    .     (shield currently unavailable)
rPois  .         Spirit   .     w - +2 hat
rElec  +         Dismiss  .     N - +2 cloak
rCorr  .         Reflect  +     R - +3 pair of gauntlets of War {Slay+5}
MR     ++...     Harm     .     (no boots)
Stlth  .......... Rnd*Rage +    v - +6 amulet of reflection
                                G - +3 ring of evasion
                                m - ring of protection from magic

@: non-regenerating
A: retaliatory headbutt, horns 2, talons 1, thin skeletal structure 1, berserk
1, blurry vision 2, clumsy 1, deterioration 1, dopey 2, frail 3, low mp 3,
screaming 3, slow regeneration 3, weak 1, no device heal 1
a: Stomp, Renounce Religion
}: 2/15 runes: barnacled, abyssal


You were on level 3 of the Abyss.
You worshipped Uskayaw.
Uskayaw was pleased with you.
You were very hungry.

You visited 5 branches of the dungeon, and saw 29 of its levels.
You visited the Abyss 1 time.
You also visited: Ossuary and Ice Cave.

You collected 3338 gold pieces.
You spent 3138 gold pieces at shops.

Inventory:

Hand Weapons
 a - the +7 lajatang "Quosa" (weapon) {freeze, rF+}
   (You found it on level 6 of the Lair of Beasts)

   It has been specially enchanted to freeze those struck by it, causing extra
   injury to most foes and up to half again as much damage against particularly
   susceptible opponents.
   It can also slow down cold-blooded creatures.
   It protects you from fire.
 r - a +7 bardiche of freezing
 P - a +1 antimagic demon trident
Missiles
 e - a throwing net (quivered)
Armour
 g - +4 storm dragon scales (worn)
 w - a +2 hat (worn)
 N - a +2 cloak (worn)
 R - the +3 pair of gauntlets of War (worn) {Slay+5}
   (You found it on level 7 of the Dungeon)

   It affects your accuracy and damage with ranged weapons and melee attacks
   (+5).
Rods
 d - a +0 rod of shadows (12/13)
   (You bought it in a shop on level 2 of the Orcish Mines)
Jewellery
 c - an uncursed ring of protection from fire
 m - a ring of protection from magic (left hand)
 s - the ring of Saupoirch {Int+3 SInv}
   (You found it on level 4 of the Shoals)

   [ring of see invisible]

   It affects your intelligence (+3).
   It lets you see invisible.
 t - an uncursed ring of ice
 v - a +6 amulet of reflection (around neck)
 C - an uncursed ring of protection from cold
 G - a +3 ring of evasion (right hand)
 O - an uncursed ring of resist corrosion
 S - an uncursed amulet of harm {unknown}
Wands
 k - a wand of hasting (2/9)
 H - a wand of hasting (6/9)
 V - a wand of digging (23/24)
 Z - a wand of teleportation (4/9)
Scrolls
 h - 14 scrolls of teleportation
 i - 3 scrolls of fog
 y - 2 scrolls of magic mapping
 I - 2 scrolls of remove curse
 J - 7 scrolls of recharging
Potions
 j - 11 potions of curing
 n - 3 potions of berserk rage
 p - 2 potions of magic
 u - 2 potions of might
 z - 2 potions of resistance
 A - 2 potions of invisibility
 D - 6 potions of brilliance
 E - 2 potions of agility
 F - a potion of haste
 W - 2 potions of cure mutation
Books
 l - a book of Minor Magic

   Spells                             Type                      Level
   a - Magic Dart                     Conjuration                  1
   b - Blink                          Translocation                2
   c - Call Imp                       Summoning                    2
   d - Repel Missiles                 Charms/Air                   2
   e - Slow                           Hexes                        2
   f - Conjure Flame                  Conjuration/Fire             3
   g - Mephitic Cloud                 Conjuration/Poison/Air       3
Miscellaneous
 T - a sack of spiders
 X - a phial of floods
Comestibles
 b - 2 royal jellies
 f - 8 bread rations
 o - 5 meat rations
 M - 29 fruits


   Skills:
 + Level 19.6 Fighting
 * Level 5.5(10.9) Polearms
 - Level 14.1(14.5) Staves
 - Level 2.0 Throwing
 + Level 18.7 Armour
 - Level 15.3 Dodging
 - Level 15.1 Invocations
 + Level 5.3 Evocations


You had 17 spell levels left.
You didn't know any spells.

Dungeon Overview and Level Annotations

Branches:
Dungeon (15/15)            Temple (0/1) D:4            Lair (6/6) D:8
 Shoals (4/4) Lair:2        Snake (0/4) Lair:3        Slime (0/5) Lair:6
    Orc (2/2) D:11            Elf (0/3) Orc:2        Vaults (2/5) D:13
 Depths (0/5) D:15
  Crypt: Vaults:2-3

Altars:
Cheibriados
Dithmenos
Fedhas
Kikubaaqudgha
Makhleb
Okawaru
Qazlal
Uskayaw
Vehumet
The Shining One
Beogh

Shops:
D:11 }*   Orc:2 !?}(   Shoals:2 :*(}[   Vaults:1 [:?%*

Portals:
Trove: D:12 (show slimy rune of Zot)


Innate Abilities, Weirdness & Mutations

You reflexively headbutt those who attack you in melee.
You have a pair of horns on your head.
You have sharp toenails.
You have a somewhat thin skeletal structure. (Dex +2, Stealth)
[You tend to lose your temper in combat.]
[Scrolls take you longer to read.]
[You are clumsy. (Dex -2)]
[Your body sometimes deteriorates upon taking damage.]
[You are very dopey. (Int -4)]
[You are extremely frail. (-30% HP)]
[Your magical capacity is extremely low. (-30% MP)]
[You frequently scream uncontrollably at your foes.]
[You do not regenerate.]
[You are weak. (Str -2)]
[Potions and wands are less effective at restoring your health.]


Message History

You can no longer pass through a line of other dancers.
A very large slime creature splits.
You start waiting.
A large slime creature splits.
You start waiting.
Your slime creature dissolves into shadows! x3
Your magical contamination has completely faded away.
Found 22 bolts.
You start waiting.
You feel a little less mighty now.
You start waiting.
A hellion comes into view.
Found a royal jelly.
b - 2 royal jellies (gained 1)
You start waiting.
The hellion gives a hideous shriek!
You see here 22 bolts.
The hellion gestures at you.
The sphere of damnation explodes!
The damnation engulfs you!
You die...

.. . ##.##
...#.# # ##
##.## . #.2
#...## # X#
#...#..# ##.
###.## .
##.## ... ..
#.2.# #.# _)
..#...#(##..#
# )###
###.###.@#
.#.. #..##
........#
....##.#.## .
###. ###. .
.# ##


You could see a hellion.

Vanquished Creatures
  Asterion (Vaults:1)
  3 krakens
  Kirke (D:12)
  A fire giant (Vaults:1)
  Ilsuiw (Shoals:4)
  A deep elf sorcerer (Vaults:1)
  A frost giant (Vaults:1)
  7 vault wardens
  6 ironheart preservers
  An entropy weaver (Vaults:2)
  4 very ugly things (Abyss:3)
  A stone giant (Vaults:2)
  The ghost of busta the Earth Mage, a journeyman DEEE of Vehumet (Lair:6)
  5 dire elephants (Lair:6)
  12 merfolk javelineers (Shoals:4)
  An ettin (D:15)
  2 fire dragons
  9 merfolk impalers
  2 yaktaur captains (Vaults:1)
  A rakshasa (Vaults:2)
  Erolcha (Orc:1)
  7 hydras
  An anaconda (Lair:6)
  6 centaur warriors
  2 ice dragons
  5 merfolk avatars
  4 merfolk aquamancers
  2 vault guards (Vaults:2)
  3 death knights
  2 satyrs (Shoals:3)
  A thrashing horror (Abyss:3)
  14 ogre magi
  9 death yaks (Lair:6)
  Urug (D:15)
  A tengu warrior (D:14)
  A hell knight (D:15)
  Sonja (Orc:2)
  Nergalle (Lair:2)
  A deep elf knight (Vaults:1)
  A sun demon (D:13)
  3 wretched stars (Abyss:3)
  3 deep trolls (Vaults:2)
  A skeletal warrior (D:11)
  4 unseen horrors
  9 sea snakes
  8 ironbrand convokers
  3 deep elf archers
  A flayed ghost (Vaults:2)
  17 hill giants
  4 lindwurms (D:14)
  A harpy (shapeshifter) (Vaults:1)
  A wizard (D:14)
  3 deep elf magi
  6 orc knights
  A lindwurm (shapeshifter) (Vaults:2)
  2 necromancers
  A wolf spider zombie (D:14)
  11 harpies
  7 cyclopes
  A stone giant zombie (Vaults:2)
  11 manticores
  An orb spider (shapeshifter) (Vaults:1)
  13 ugly things
  6 orc sorcerers (Orc:2)
  9 fauns
  3 ice statues (IceCv)
  12 sirens
  8 elephants (Lair:6)
  2 water nymphs
  Psyche (D:10)
  6 black mambas
  10 vault sentinels
  Maurice (D:8)
  16 spiny frogs
  A gargoyle (D:12)
  6 rime drakes
  2 spiny frogs (shapeshifter)
  A guardian serpent (shapeshifter) (D:13)
  A kobold demonologist (D:11)
  A yaktaur zombie (Vaults:2)
  27 yaktaurs
  7 komodo dragons
  An ice devil (D:13)
  8 freezing wraiths
  A tengu conjurer (D:15)
  5 meliai (Abyss:3)
  30 merfolk
  4 trolls
  A queen bee (Abyss:3)
  10 wind drakes
  2 hornets
  Prince Ribbit (D:8)
  10 slime creatures
  A two-headed ogre (shapeshifter) (Vaults:2)
  28 blink frogs
  13 hippogriffs
  7 snapping turtles
  16 two-headed ogres
  4 dream sheep (Shoals:1)
  A fire giant simulacrum (Vaults:2)
  A hippogriff (shapeshifter) (D:13)
  A meliai zombie (D:15)
  3 shadows
  4 wyverns
  3 basilisks
  10 water elementals
  29 yaks
  3 hogs (D:12)
  2 vampires
  3 steam dragons
  A chaos spawn (Abyss:3)
  4 hungry ghosts
  A human (D:12)
  A basilisk (shapeshifter) (Vaults:1)
  3 mottled dragons
  2 wargs
  3 nagas (Lair:3)
  7 water moccasins
  8 porcupines
  26 orc warriors
  20 ice beasts
  An elephant zombie (Lair:4)
  35 ogres
  A sky beast (D:7)
  3 phantoms
  3 black bears
  A necrophage (D:15)
  9 wolves
  18 centaurs
  3 boggarts (Vaults:2)
  A human skeleton (Vaults:2)
  11 crocodiles
  3 big kobolds
  2 komodo dragon zombies (Lair:4)
  15 bullfrogs
  2 glowing shapeshifter simulacra (Vaults:2)
  6 scorpions
  2 wyvern skeletons
  A water moccasin skeleton (D:7)
  24 killer bees
  12 wights
  2 vampire bats (D:3)
  6 electric eels
  A howler monkey (D:3)
  9 crimson imps
  2 centaur zombies
  A bullfrog zombie (D:5)
  A quasit (D:10)
  3 hounds
  6 jellies
  3 bullfrog skeletons
  16 orc priests
  32 orc wizards
  3 centaur skeletons
  Jessica (D:3)
  Ijyb (D:3)
  Terence (D:2)
  5 iguanas
  13 worker ants
  A big kobold zombie (Ossuary)
  8 mummies (Ossuary)
  2 worker ant zombies
  4 gnolls (D:6)
  16 adders
  3 shadow imps
  4 white imps (D:13)
  An ufetubus (Vaults:2)
  5 oozes (D:8)
  6 worms
  A dart slug (D:2)
  3 leopard geckos
  83 orcs
  6 giant cockroaches
  4 goblins
  6 hobgoblins
  17 jackals
  23 kobolds
  4 quokkas
  17 bats
  6 frilled lizards
  3 hobgoblin zombies (Ossuary)
  4 orc zombies (Ossuary)
  5 rats
  3 plants
  11 tentacles
1140 creatures vanquished.

Vanquished Creatures (others)
  A merfolk javelineer (Shoals:4)
  A yaktaur (Vaults:1)
  2 humans (D:12)
  An orc (Orc:2)
  12 fungi (Lair:6)
  17 plants
  21 tentacles
55 creatures vanquished.

Grand Total: 1195 creatures vanquished

Notes
Turn   | Place    | Note
-------+----------+-------------------------------------------
     0 | D:1      | rvmWR the Minotaur Gladiator began the quest for the Orb.
     0 | D:1      | Reached XP level 1. HP: 18/18 MP: 0/0
    77 | D:1      | Reached XP level 2. HP: 25/25 MP: 1/1
   436 | D:2      | Reached skill level 5 in Staves
   485 | D:2      | Reached XP level 3. HP: 29/30 MP: 2/2
   512 | D:2      | Found a hide-covered altar of Uskayaw.
   520 | D:2      | Became a worshipper of Uskayaw the Reveler
   535 | D:2      | Reached * piety under Uskayaw
   639 | D:2      | Reached ** piety under Uskayaw
  1013 | D:2      | Found a snail-covered altar of Cheibriados.
  1207 | D:2      | Found a burning altar of Makhleb.
  1210 | D:2      | Reached XP level 4. HP: 37/37 MP: 3/3
  1222 | D:2      | Noticed Terence
  1233 | D:2      | Killed Terence
  1539 | D:3      | Noticed Jessica
  1542 | D:3      | Killed Jessica
  1542 | D:3      | Reached XP level 5. HP: 42/42 MP: 4/4
  1548 | D:3      | Reached *** piety under Uskayaw
  1784 | D:3      | Reached XP level 6. HP: 43/50 MP: 5/5
  1956 | D:3      | Noticed Ijyb
  1960 | D:3      | Killed Ijyb
  2434 | D:4      | Found a sand-covered staircase.
  2441 | Ossuary  | Entered an ossuary
  2497 | Ossuary  | HP: 3/75 [mummy (4)]
  2500 | Ossuary  | Reached skill level 1 in Armour
  2913 | Ossuary  | Reached XP level 7. HP: 40/56 MP: 6/6
  3322 | D:4      | Reached skill level 3 in Fighting
  3551 | D:4      | Reached **** piety under Uskayaw
  3790 | D:4      | Found a staircase to the Ecumenical Temple.
  4043 | D:4      | Reached skill level 10 in Staves
  4232 | D:4      | Reached skill level 4 in Fighting
  4521 | D:5      | Entered Level 5 of the Dungeon
  4577 | D:5      | Reached XP level 8. HP: 48/67 MP: 2/7
  4653 | D:5      | Noticed a two-headed ogre
  4660 | D:5      | Killed a two-headed ogre
  4660 | D:5      | Reached skill level 5 in Fighting
  4872 | D:5      | Found a shadowy altar of Dithmenos.
  5515 | D:6      | Found a stormy altar of Qazlal.
  5578 | D:6      | Reached skill level 6 in Fighting
  5596 | D:6      | Reached skill level 5 in Armour
  6247 | D:7      | Reached XP level 9. HP: 76/77 MP: 8/8
  6687 | D:7      | Reached skill level 7 in Fighting
  7011 | D:8      | Found an iron altar of Okawaru.
  7153 | D:8      | Noticed Prince Ribbit
  7172 | D:8      | Killed Prince Ribbit
  7195 | D:8      | Reached skill level 8 in Fighting
  7232 | D:8      | Found a radiant altar of Vehumet.
  7303 | D:8      | Noticed Maurice
  7316 | D:8      | Killed Maurice
  7316 | D:8      | Reached XP level 10. HP: 88/88 MP: 9/9
  7405 | D:8      | Found a blossoming altar of Fedhas.
  7526 | D:8      | Found a staircase to the Lair.
  8195 | D:9      | Reached skill level 9 in Fighting
  8220 | D:9      | Found an ancient bone altar of Kikubaaqudgha.
  8235 | D:9      | Reached skill level 1 in Invocations
  8241 | D:9      | Reached ***** piety under Uskayaw
  8573 | D:10     | Entered Level 10 of the Dungeon
  8643 | D:10     | Noticed Psyche
  8651 | D:10     | Killed Psyche
  8678 | D:10     | Noticed a hill giant
  8682 | D:10     | Noticed a hill giant
  8689 | D:10     | Killed a hill giant
  8689 | D:10     | Reached XP level 11. HP: 58/99 MP: 13/13
  8696 | D:10     | Killed a hill giant
  8696 | D:10     | Reached skill level 5 in Invocations
  8696 | D:10     | Reached ****** piety under Uskayaw
  8933 | D:10     | Got a twisted morningstar
  8934 | D:10     | Identified the +10 morningstar of Inquiry {flame, +Inv rF++ MR+ Int-4} (You found it on level 10 of the Dungeon)
  8981 | D:10     | Noticed a hill giant
  8994 | D:10     | Killed a hill giant
  8994 | D:10     | Reached skill level 10 in Fighting
  9109 | D:10     | Noticed a hill giant
  9122 | D:10     | Killed a hill giant
  9603 | Lair:1   | Entered Level 1 of the Lair of Beasts
  9942 | Lair:1   | Noticed an eight-headed hydra
  9962 | Lair:1   | Killed an eight-headed hydra
 10143 | Lair:1   | Found a frozen archway.
 10159 | IceCv    | Entered an ice cave
 10173 | IceCv    | Reached skill level 10 in Armour
 10175 | IceCv    | Reached skill level 11 in Fighting
 10203 | IceCv    | Noticed a white ugly thing
 10214 | IceCv    | Killed a white ugly thing
 10420 | IceCv    | Noticed a white ugly thing
 10440 | IceCv    | Killed a white ugly thing
 10768 | Lair:1   | Reached skill level 12 in Fighting
 11176 | Lair:2   | Noticed Nergalle
 11188 | Lair:2   | Killed Nergalle
 11366 | Lair:2   | Reached XP level 12. HP: 95/112 MP: 16/16
 11822 | Lair:2   | Found a staircase to the Shoals.
 12546 | Lair:3   | Found a staircase to the Snake Pit.
 12574 | Lair:3   | Reached skill level 5 in Dodging
 13636 | Lair:4   | Reached skill level 13 in Fighting
 13940 | Lair:4   | Noticed a five-headed hydra
 13951 | Lair:4   | Killed a five-headed hydra
 14512 | Lair:5   | Reached XP level 13. HP: 122/122 MP: 18/18
 15398 | Lair:6   | Entered Level 6 of the Lair of Beasts
 15434 | Lair:6   | Found a staircase to the Slime Pits.
 15753 | Lair:6   | Noticed busta's ghost (journeyman DEEE)
 15762 | Lair:6   | Killed busta's ghost
 15906 | Lair:6   | Reached skill level 10 in Invocations
 16114 | Lair:6   | Reached skill level 14 in Fighting
 17169 | Lair:6   | Reached XP level 14. HP: 82/133 MP: 20/20
 18343 | Lair:6   | Got a shimmering lajatang
 18344 | Lair:6   | Identified the +7 lajatang "Quosa" {freeze, rF+} (You found it on level 6 of the Lair of Beasts)
 18394 | Lair:6   | Reached skill level 10 in Dodging
 19141 | D:11     | Found Vepopsem's Gadget Shoppe.
 19162 | D:11     | Found Hyeloa's Assorted Antiques.
 19166 | D:11     | Bought a scroll of enchant armour for 157 gold pieces
 19166 | D:11     | Bought a gold wand for 84 gold pieces
 19183 | D:11     | Reached skill level 15 in Fighting
 19331 | D:11     | Found a staircase to the Orcish Mines.
 19816 | D:12     | Got a dazzling plate armour
 19831 | D:12     | Identified the +6 plate armour of Integrity {Int+4} (You found it on level 12 of the Dungeon)
 19857 | D:12     | Noticed Kirke
 19866 | D:12     | Noticed a sphinx
 19866 | D:12     | Killed Kirke
 20315 | D:12     | Found a portal to a secret trove of treasure.
 20841 | Orc:1    | Entered Level 1 of the Orcish Mines
 20848 | Orc:1    | Found a roughly hewn altar of Beogh.
 20986 | Orc:1    | Found a roughly hewn altar of Beogh.
 21162 | Orc:1    | Noticed Erolcha
 21170 | Orc:1    | Killed Erolcha
 21286 | Orc:2    | Entered Level 2 of the Orcish Mines
 21544 | Orc:2    | Found a staircase to the Elven Halls.
 21880 | Orc:2    | Noticed Sonja
 21887 | Orc:2    | Killed Sonja
 22116 | Orc:2    | Found Zoun's Gadget Boutique.
 22123 | Orc:2    | Reached XP level 15. HP: 140/143 MP: 22/22
 22153 | Orc:2    | Found an ancient bone altar of Kikubaaqudgha.
 22158 | Orc:2    | Paralysed by an orc sorcerer for 7 turns
 22169 | Orc:2    | Reached skill level 15 in Armour
 22172 | Orc:2    | Found Pulixac's Distillery.
 22264 | Orc:2    | Found a radiant altar of Vehumet.
 22300 | Orc:2    | Bought a potion of agility for 64 gold pieces
 22300 | Orc:2    | Bought a potion of heal wounds for 80 gold pieces
 22300 | Orc:2    | Bought a potion of curing for 48 gold pieces
 22300 | Orc:2    | Bought a potion of might for 64 gold pieces
 22309 | Orc:2    | Found a roughly hewn altar of Beogh.
 22309 | Orc:2    | Found Onkitido's Antique Weapon Shop.
 22342 | Orc:2    | Found Eloleniu's Magic Scroll Shop.
 22372 | Orc:2    | Bought a scroll of acquirement for 572 gold pieces
 22658 | D:13     | Found a gate to the Vaults.
 22950 | D:13     | Reached skill level 16 in Fighting
 23641 | D:14     | Found a glowing golden altar of the Shining One.
 24463 | D:15     | Entered Level 15 of the Dungeon
 24830 | D:15     | Found a staircase to the Depths.
 24866 | D:15     | Noticed Urug
 24875 | D:15     | Killed Urug
 25340 | Shoals:1 | Entered Level 1 of the Shoals
 25462 | Shoals:1 | Reached XP level 16. HP: 120/154 MP: 24/24
 26214 | Shoals:1 | Upgraded the game from 0.19-a0-1841-gf1e0166 to 0.19-a0-1850-g63fd1ff
 26242 | Shoals:2 | Found Tekyci's General Store.
 26492 | Shoals:2 | Bought a potion of heal wounds for 95 gold pieces
 26543 | Shoals:2 | Found Douvyhe's Gadget Shop.
 26578 | Shoals:2 | Reached skill level 17 in Fighting
 26845 | Shoals:2 | Found Edeistido's Antique Weapon Shop.
 26903 | Shoals:2 | Found Usches's Book Shoppe.
 27053 | Shoals:2 | Noticed a kraken
 27068 | Shoals:2 | Killed a kraken
 27077 | Shoals:2 | Found Beavin's Antique Armour Emporium.
 27720 | Shoals:3 | Noticed a kraken
 27738 | Shoals:3 | Killed a kraken
 28113 | Shoals:4 | Entered Level 4 of the Shoals
 28134 | Shoals:4 | Noticed Ilsuiw
 28179 | Shoals:4 | HP: 6/155 [merfolk javelineer/javelin (5)]
 28878 | Shoals:4 | Gained mutation: You have a somewhat thin skeletal structure. (Dex +2, Stealth) [potion of beneficial mutation]
 28880 | Shoals:4 | Got a warped jade ring
 28889 | Shoals:4 | Identified the ring of Saupoirch {Int+3 SInv} (You found it on level 4 of the Shoals)
 29029 | Shoals:4 | Noticed a kraken
 29043 | Shoals:4 | Killed a kraken
 29416 | Shoals:4 | Reached XP level 17. HP: 143/163 MP: 26/26
 29416 | Shoals:4 | Reached skill level 18 in Fighting
 30470 | Shoals:4 | Killed Ilsuiw
 30485 | Shoals:4 | Got a barnacled rune of Zot
 31878 | Vaults:1 | Entered Level 1 of the Vaults
 32011 | Vaults:1 | Found Iluo's Armour Shoppe.
 32813 | Vaults:1 | Found Soarghia's Assorted Antiques.
 32826 | Vaults:1 | Bought a runed hat for 148 gold pieces
 32847 | Vaults:1 | Bought a bone wand for 148 gold pieces
 32848 | Vaults:1 | Bought an encrusted fluorescent wand for 148 gold pieces
 32904 | Vaults:1 | Noticed Asterion
 32918 | Vaults:1 | Killed Asterion
 33305 | Vaults:1 | Reached skill level 15 in Invocations
 33548 | Vaults:1 | Found Fegut's Book Shop.
 33553 | Vaults:1 | Gained mutation: You have sharp toenails. [potion of beneficial mutation]
 33648 | Vaults:1 | Found Kasuxt's Magic Scroll Shoppe.
 33649 | Vaults:1 | Found Retyliurro's Food Boutique.
 33676 | Vaults:1 | Reached skill level 19 in Fighting
 33993 | Vaults:1 | Reached skill level 15 in Dodging
 34219 | Orc:2    | Bought a +0 rod of shadows (13/13) for 1530 gold pieces
 34352 | Vaults:2 | Reached XP level 18. HP: 168/176 MP: 28/28
 34376 | Vaults:2 | Reached skill level 1 in Evocations
 34760 | Vaults:2 | Reached skill level 1 in Polearms
 35254 | Vaults:2 | Reached skill level 5 in Evocations
 35681 | Vaults:2 | Cast into level 3 of the Abyss (a deep elf sorcerer)
 35683 | Abyss:3  | Found a corrupted altar of Lugonu.
 35710 | Abyss:3  | Reached skill level 5 in Polearms
 35773 | Abyss:3  | Got an abyssal rune of Zot
 35828 | Abyss:3  | Found a corrupted altar of Lugonu.
 35927 | Abyss:3  | Killed from afar by a hellion

Vault maps used:
D:1:      lemuel_arrival_river_ford
D:2:      makhleb_grotto_becter, marbit_many_paths,
          nicolae_overflow_crystal_walls, uniq_terence
D:3:      kennysheep_minor_cross, roderic_batcave, uniq_jessica, uniq_iyjb
D:4:      wad_lake_hut, nicolae_ossuary_entry_false_entrances,
          kennysheep_generic_room_16
D:5:      first_bread, grunt_dithmenos_shadows
D:6:      nicolae_qazlal_general_emergency
D:8:      fedhas_altar_1, vehumet_crystals, okawaru_trees_1,
          david_lair_shrubbed, hangedman_little_slice_of_home,
          grunt_decor_fettered, uniq_prince_ribbit1, uniq_maurice
D:9:      kiku_gazebo_garden_becter
D:10:     uniq_psyche
D:11:     minmay_twisted_water, david_orc_4, serial_shops, nicolae_shop_crystal,
          nicolae_shop_stone
D:12:     nicolae_trove_entry_columns, uniq_kirke
D:13:     david_vaults_2, minmay_fire_ice_demons
D:14:     basic_altar, minmay_lindwurm_lava
D:15:     hangedman_depths_entry_civil_slaughter, uniq_urug
Lair:1:   portal_ice_cave_rime, lemuel_fruit_fields, lemuel_fruit_tree
Lair:2:   shoals_dummy_entry, uniq_nergalle
Lair:3:   guppyfry_snake_entry_island, beast_lair_carwin_3,
          infiniplex_staircase_pool
Lair:4:   pond_and_an_island_with_a_cottage, lemuel_fruit_fields
Lair:5:   beast_lair_carwin_9
Lair:6:   due_jungle_book, dpeg_slime_entry_corner
Shoals:2: serial_shops, nicolae_shop_waterfront, nicolae_shop_trees, shop, shop,
          shop, nicolae_shoals_drake_roost
Shoals:4: shoals_end_simple, shoals_ilsuiw_ice, nicolae_shoals_mertower
Orc:1:    nicolae_orc_accident_1, basic_altar, mines2_david, uniq_erolcha
Orc:2:    kennysheep_orc_mage_school, statue_in_the_mist_lemuel, uniq_sonja
Vaults:1: nicolae_vaults_little_squares_1, hangedman_vaults_stagger,
          vaults_room_fours, ontoclasm_vaults_pinch, nicolae_vaults_what_the_h,
          hangedman_vaults_corner_blocks, vaults_room_door_ring,
          vaults_room_grunt_arrival_ludios, v_misc_1, vaults_dpeg_hooks,
          nicolae_vaults_octagons, nicolae_vaults_little_squares_2,
          vaults_dpeg_encased_lava, vaults_room_stairs_pillars, serial_shops,
          nicolae_shop_competitors_out_of_business,
          nicolae_shop_window_shopping, shop, shop, shop,
          portal_desolation_entry_ruin, uniq_asterion
Vaults:2: nicolae_vaults_ring_of_whatevers, nicolae_vaults_statue_guard,
          ontoclasm_vaults_chip, v_pattern_3, vaults_mumra_lcd,
          ontoclasm_vaults_ring_square, hangedman_vaults_slice, v_misc_1,
          serial_ice_m, ontoclasm_vaults_shuriken,
          nicolae_vaults_three_branches, hangedman_vaults_hat,
          nicolae_vaults_specimen_jars
Abyss:3:  bh_abyss_negative, grunt_abyss_rune_wretched_hive
Ossuary:  ossuary_tomb_3
IceCv:    ice_cave_statue_garden_chambered

Skill      XL: |  1  2  3  4  5  6  7  8  9 10 11 12 13 14 15 16 17 18 |
---------------+-------------------------------------------------------+-----
Staves         | 4 5 6 7 8 9 10 11 13 14 | 14.1
Armour         | 1 3 5 7 9 10 12 13 14 16 17 18 | 18.7
Fighting       | 4 6 8 9 12 13 14 15 16 17 19 | 19.6
Invocations    | 4 7 9 10 11 13 14 15 | 15.1
Dodging        | 7 9 11 12 13 15 | 15.3
Evocations     | 5 |  5.3
Polearms       | 5 |  5.5
Throwing       | |  2.0

Action                   |  1- 3 |  4- 6 |  7- 9 | 10-12 | 13-15 | 16-18 || total
-------------------------+-------+-------+-------+-------+-------+-------++-------
Melee: Quarterstaff      |    86 |   146 |   380 |   580 |   348 |       ||  1540
       Headbutt          |    18 |    22 |    77 |   146 |   253 |   266 ||   782
       Lajatang          |       |       |       |       |   612 |   964 ||  1576
       Kick              |       |       |       |       |       |   145 ||   145
Invok: Line Pass         |       |     1 |     4 |     2 |     3 |     2 ||    12
       Stomp             |       |       |       |       |     1 |       ||     1
       Grand Finale      |       |       |       |       |       |     1 ||     1
Evoke: Wand              |       |       |       |       |     2 |       ||     2
       Sack of spiders   |       |       |       |       |     1 |       ||     1
       Rod               |       |       |       |       |       |     1 ||     1
  Use: Scroll            |     2 |     2 |     8 |    18 |    12 |    14 ||    56
       Potion            |       |     3 |       |     1 |     6 |    27 ||    37
 Stab: Paralysed         |       |     3 |     8 |    43 |    84 |   113 ||   251
       Confused          |       |       |     2 |       |     3 |     1 ||     6
       Invisible         |       |       |       |    15 |       |     2 ||    17
  Eat: Chunk             |     1 |     5 |    17 |     9 |    31 |    15 ||    78
       Meat ration       |       |       |       |     3 |     2 |     1 ||     6
       Beef jerky        |       |       |       |     1 |       |       ||     1
       Bread ration      |       |       |       |       |       |     1 ||     1
       Pizza             |       |       |       |       |       |     5 ||     5
Armor: Leather armour    |    18 |     1 |       |       |       |       ||    19
       Ring mail         |       |    21 |    20 |       |       |       ||    41
       Skin              |       |     7 |       |       |       |       ||     7
       Chain mail        |       |       |    78 |   123 |       |       ||   201
       Storm dragon scal |       |       |       |    69 |   383 |   391 ||   843
Dodge: Dodged            |    59 |    84 |   186 |   237 |   563 |   664 ||  1793
Block: Other             |       |       |       |       |    11 |   244 ||   255
       Reflection        |       |       |       |       |     5 |    43 ||    48
